 Dungeon Crawl Stone Soup version 0.28-a0-124-g73ec313a74 (webtiles) character file.

Game seed: 10445038772792566715

240 voltaire321 the Magician (level 5, 0/29 HPs)
             Began as a Deep Elf Hedge Wizard on Aug 15, 2021.
             Was an Initiate of Sif Muna.
             Killed by divine providence
             ... invoked by an orc priest
              (10 damage)
             ... on level 4 of the Dungeon.
             The game lasted 00:16:01 (5157 turns).

voltaire321 the Magician (Deep Elf Hedge Wizard)    Turns: 5157, Time: 00:16:02

Health: 0/29       AC:  2    Str:  7    XL:     5   Next: 79%
Magic:  10/14      EV: 13    Int: 20    God:    Sif Muna [......]
Gold:   109        SH:  0    Dex: 14    Spells: 3/14 levels left

rFire   + . .      SeeInvis .   p - +1 rapier
rCold   . . .      Faith    .   (no shield)
rNeg    . . .      Spirit   .   b - +0 robe
rPois   .          Reflect  .   c - +0 hat
rElec   .          Harm     .   k - scarf {repulsion}
rCorr   .          Rampage  .   (no gloves)
Will    .....                   (no boots)
Stlth   ++........              (no amulet)
HPRegen 0.09/turn               j - ring of protection from fire
MPRegen 0.14/turn               (no ring)

@: repel missiles
A: no striking features
a: Renounce Religion


You were on level 4 of the Dungeon.
You worshipped Sif Muna.
Sif Muna was noncommittal.
You visited 2 branches of the dungeon, and saw 5 of its levels.

You collected 109 gold pieces.

Inventory:

Hand Weapons
 p - a +1 rapier (weapon)
Missiles
 i - 2 throwing nets
Armour
 b - a +0 robe (worn)
 c - a +0 hat (worn)
 k - a scarf of repulsion (worn)
Jewellery
 j - a ring of protection from fire (left hand)
Wands
 a - a wand of flame (20)
 h - a wand of iceblast (9)
Scrolls
 e - 3 scrolls of teleportation
Potions
 f - a potion of magic {unknown}
 g - a potion of cancellation {unknown}
 l - 2 potions of lignification {unknown}
 o - 2 potions of flight {unknown}
 q - 2 potions of might {unknown}
 r - a potion of mutation {unknown}


   Skills:
 + Level 1.5 Fighting
 + Level 3.5 Dodging
 - Level 2.4 Stealth
 + Level 5.2 Spellcasting
 + Level 2.4 Conjurations
 + Level 2.3 Summonings
 + Level 2.3 Translocations
 + Level 1.2 Fire Magic
 + Level 1.1 Air Magic
 + Level 1.2 Poison Magic
 + Level 0.0 Invocations


You had 3 spell levels left.
You knew the following spells:

 Your Spells              Type           Power      Damage    Failure   Level
a - Magic Dart            Conj           60%        1d6       4%          1
b - Call Imp              Summ           14%        N/A       6%          2
c - Blink                 Tloc           N/A        N/A       7%          2
d - Conjure Flame         Conj/Fire      12%        6-21      16%         3
e - Mephitic Cloud        Conj/Pois/Air  11%        N/A       19%         3

Your spell library contained the following spells:

 Spells                   Type           Power      Damage    Failure   Level
 Slow                     Hex            5%         N/A       17%         2


Dungeon Overview and Level Annotations

Branches:
Dungeon (4/15)             Temple (1/1) D:4

Altars:
Ashenzari
Dithmenos
Gozag
Hepliaklqana
Kikubaaqudgha
Makhleb
Nemelex Xobeh
Okawaru
Sif Muna
Trog
Vehumet
Xom
Yredelemnul
Zin
The Shining One

Shops:
D:3 [   D:4 :

Annotations:
D:4 exclusion: statue


Message History

The orc hits your crimson imp with a +0 whip.
You barely miss something.
You hear some strange, mumbled words.
Something tries to affect you, but you resist.
Your crimson imp blinks!
Are you sure you want to stumble around while confused and next to your crimson imp?
Okay, then.
You hear some strange, mumbled words.
Something tries to affect you, but you resist.
Something hits you. Something hits you but does no damage.
Okay, then.
An orc wizard appears from thin air!
Reactivating autopickup.
The orc wizard hits you with a +0 dagger.
The orc wizard hits you with a +0 dagger.
Your crimson imp blinks!
The orc wizard gestures at you while chanting.
The puff of flame hits you. You resist.
The orc priest calls upon Beogh to heal the orc wizard.
The orc wizard is healed somewhat.
Your crimson imp disappears in a puff of smoke!
The orc wizard barely misses you.
Your crimson imp blinks!
The orc priest looks braver for a moment.
You bump into the rock wall.
The orc wizard casts a spell.
The orc wizard flickers and vanishes!
Deactivating autopickup; reactivate with Ctrl-A.
You bump into the rock wall.
You feel less confused. Something barely misses you.
The orc priest casts a cantrip, but nothing happens.
Something hits you.
You swap places.
Something closely misses your crimson imp.
Your crimson imp blinks!
The orc priest mumbles some strange prayers to Beogh against you.
Beogh smites you!
You die...

# #.#...#......#.####
# #.#...#...........#
# #.#...♣...........#
# #.#.♣.∩.♣#........#
# #.....♣.###.......#
######...#############
.................#
################.# #
########@# #
#..o.o.5.# #######
#.######## ..<...# #)
......# #. ......# #o
##.#### #. ##.# #. #.#
..


You could see an orc priest, an orc and a friendly crimson imp (summoned).

Vanquished Creatures
  A gnoll (D:2)
  An adder (D:2)
  2 dart slugs
  6 ball pythons
  4 bats
  4 endoplasms
  A giant cockroach (D:4)
  3 goblins
  9 hobgoblins
  5 jackals
  2 kobolds
  3 quokkas
  2 frilled lizards (D:1)
  2 rats (D:1)
45 creatures vanquished.

Vanquished Creatures (collateral kills)
  A black bear (D:4)
  A hound (D:4)
  A centaur skeleton (D:4)
  An orc wizard (D:4)
  6 gnolls (D:2)
  An adder (D:4)
  An endoplasm (D:1)
  3 giant cockroaches
  A goblin (D:3)
  3 hobgoblins
  A jackal (D:1)
  2 bats
  2 kobolds
24 creatures vanquished.

Grand Total: 69 creatures vanquished

Notes
Turn   | Place    | Note
-------+----------+-------------------------------------------
     0 | D:1      | voltaire321 the Deep Elf Hedge Wizard began the quest for
                  | the Orb.
     0 | D:1      | Reached XP level 1. HP: 10/10 MP: 7/7
   232 | D:1      | Found a faded altar of an unknown god.
   342 | D:1      | Reached XP level 2. HP: 15/15 MP: 2/9
   404 | D:1      | Learned a level 2 spell: Call Imp
   407 | D:1      | Learned a level 2 spell: Blink
  1296 | D:2      | Reached XP level 3. HP: 15/20 MP: 3/11
  1515 | D:2      | Reached skill level 1 in Fighting
  1557 | D:2      | Reached XP level 4. HP: 23/25 MP: 1/12
  1697 | D:2      | Learned a level 3 spell: Conjure Flame
  1701 | D:2      | Learned a level 3 spell: Mephitic Cloud
  2600 | D:3      | Found a broken altar of Ashenzari.
  2910 | D:3      | Reached skill level 5 in Spellcasting
  3010 | D:3      | Found an iron altar of Okawaru.
  3119 | D:3      | Found a burning altar of Makhleb.
  3120 | D:3      | Noticed an Executioner
  3208 | D:3      | Found Ydweangi's Antique Armour Shoppe.
  3431 | D:4      | Found Maaw's Book Emporium.
  3432 | D:4      | Noticed a black bear
  3470 | D:4      | Killed a black bear
  3471 | D:4      | Reached XP level 5. HP: 3/29 MP: 3/14
  3806 | D:4      | Reached skill level 1 in Fire Magic
  3806 | D:4      | Reached skill level 1 in Poison Magic
  3810 | D:4      | Reached skill level 1 in Air Magic
  3923 | D:4      | Found a staircase to the Ecumenical Temple.
  3947 | Temple   | Entered the Ecumenical Temple
  4221 | D:4      | Found a radiant altar of Vehumet.
  4221 | D:4      | Noticed a charred statue
  4883 | Temple   | Became a worshipper of Sif Muna the Loreminder
  5157 | D:4      | Killed from afar by an orc priest

Illustrated notes

Levels and vault maps discovered:
D:1:      mainiacjoe_arrival_reflecting_pool, layout_basic,
          shapermc_ecumenical_altar_starsandcircs
D:2:      layout_loops_ring, hangedman_abyss_or_decor_lesser_grid
D:3:      layout_basic, evilmike_ruin_ashenzari, makhleb_altar_promises_db,
          mainiacjoe_overflow_paths, serial_shops, nicolae_shop_stone,
          minivault_27, minmay_misc_feat_hallway
D:4:      layout_basic, vehumet_statue, minmay_temple_entry_grid, serial_shops,
          nicolae_shop_trees
Temple:   minmay_temple_curvy_loop

Skill      XL: |  1  2  3  4  5 |
---------------+----------------+-----
Dodging        | 3 |  3.5
Fighting       | 1 |  1.5
Conjurations   | 2 |  2.4
Summonings     | 2 |  2.3
Spellcasting   | 5 |  5.2
Translocations | 2 |  2.3
Fire Magic     | 1 |  1.2
Poison Magic   | 1 |  1.2
Air Magic      | 1 |  1.1
Stealth        | |  2.4

Action                   |  1- 3 |  4- 6 || total
-------------------------+-------+-------++-------
Melee: Dagger            |    41 |    32 ||    73
       Rapier            |       |    35 ||    35
 Cast: Magic Dart        |    57 |    45 ||   102
       Call Imp          |    16 |    25 ||    41
  Use: Scroll            |       |     7 ||     7
       Potion            |       |     2 ||     2
 Stab: Distracted        |     1 |       ||     1
       Sleeping          |       |     4 ||     4
Armor: Robe              |    15 |    13 ||    28
Dodge: Dodged            |    46 |    50 ||    96

Table legend: (Time is in decaauts)
 A = Elapsed time spent in this place.
 B = Non-inter-level travel time spent in this place.
 C = Inter-level travel time spent in this place.
 D = Time resting spent in this place.
 E = Time spent auto-exploring this place.
 F = Levels seen in this place.
 G = Mean time per level.
                   A        B        C        D        E       F      G
               +--------+--------+--------+--------+--------+-----+--------+
         Total |   5165 |   5023 |    142 |   2009 |   2093 |   5 | 1033.0 |
       Dungeon |   4899 |   4757 |    142 |   2009 |   1894 |   4 | 1224.8 |
        Temple |    266 |    266 |      0 |      0 |    199 |   1 |  266.0 |
               +--------+--------+--------+--------+--------+-----+--------+

Top non-repeatable levels by time:
     D:4: 1519 daAuts
     D:1: 1425 daAuts
     D:2: 1126 daAuts
     D:3: 827 daAuts
  Temple: 266 daAuts
